 Dungeon Crawl Stone Soup version 0.21.0-25-ge575cb9 (webtiles) character file.

385 garbagetei the Shield-Bearer (level 7, 0/54 HPs)
             Began as a Formicid Fighter on Jan 26, 2018.
             Slain by a wight
             ... wielding a cursed +3 trident of freezing
              (5 damage)
             ... on level 6 of the Dungeon.
             The game lasted 00:07:59 (4505 turns).

garbagetei the Shield-Bearer (Formicid Fighter)     Turns: 4505, Time: 00:08:02

Health: 0/54       AC:  9    Str: 23    XL:     7   Next: 6%
Magic:  7/7        EV:  9    Int:  7    God:
Gold:   119        SH: 10    Dex: 10    Spells: 5/6 levels left

rFire    . . .     SeeInvis +   a - +0 long sword
rCold    . . .     Gourm    .   k - +0 shield
rNeg     . . .     Faith    .   b - +0 scale mail
rPois    .         Spirit   .   (helmet unavailable)
rElec    .         Reflect  .   (no cloak)
rCorr    .         Harm     .   q - +1 pair of gloves
MR       .....                  (no boots)
Stlth    ..........             (no amulet)
HPRegen  0.18/turn              (no ring)
MPRegen  0.10/turn              (no ring)

@: no status effects
A: permanent stasis, dig shafts and tunnels, four strong arms, antennae 3
a: Dig, Shaft Self


You were on level 6 of the Dungeon.
You were hungry.

You visited 1 branch of the dungeon, and saw 7 of its levels.
You also visited: Ossuary.

You collected 119 gold pieces.

Inventory:

Hand Weapons
 a - a +0 long sword (weapon)
 h - a +0 club
Missiles
 e - a javelin of returning (quivered)
Armour
 b - a +0 scale mail (worn)
 c - a +0 shield
 k - a +0 shield (worn)
 q - a +1 pair of gloves (worn)
Scrolls
 l - 3 scrolls of remove curse {unknown}
 n - 3 scrolls of identify {unknown}
 o - a scroll of immolation {unknown}
 p - a scroll of fog
 r - 2 scrolls of teleportation {unknown}
 s - a scroll of enchant armour
 t - a scroll of enchant weapon {unknown}
Potions
 d - a potion of might
 g - a potion of ambrosia {unknown}
 i - a potion of invisibility {unknown}
 j - 2 potions of curing
 m - a potion of magic {unknown}
 u - a potion of haste {unknown}
 v - a potion of lignification {unknown}
 w - a potion of brilliance {unknown}
Books
 x - a book of Conjurations

   Spells                             Type                      Level
   a - Magic Dart                     Conjuration                  1
   b - Searing Ray                    Conjuration                  2
   c - Dazzling Spray                 Conjuration/Hexes            3
   d - Fulminant Prism                Conjuration/Hexes            4
   e - Force Lance                    Conjuration/Translocation    4
   f - Iskenderun's Mystic Blast      Conjuration                  4
Comestibles
 f - 6 rations


   Skills:
 + Level 4.2 Fighting
 + Level 4.3 Long Blades
 + Level 4.7 Armour
 + Level 1.4 Dodging
 + Level 0.6 Stealth
 + Level 5.2 Shields


You had 5 spell levels left.
You knew the following spells:

 Your Spells              Type           Power        Failure   Level  Hunger
a - Magic Dart            Conj           #...         94%         1    ##.....


Dungeon Overview and Level Annotations

Branches:
Dungeon (8/15)
 Temple: D:4-7         Lair: D:8-11

Altars:
Nemelex Xobeh

Annotations:
D:3 Robin
D:6 loralnil's ghost, novice MiFi


Innate Abilities, Weirdness & Mutations

You cannot be hasted, slowed, berserked, paralysed or teleported.
You can dig through walls and to a lower floor.
Your four strong arms can wield two-handed weapons with a shield.
You have a pair of large antennae on your head. (SInv)


Message History

There is a stone staircase leading down here.
The iguana closely misses you.
You riposte.
You hit the iguana.
The iguana is lightly wounded.
You climb downwards.
You block the orc warrior's attack. The orc hits you but does no damage.
The orc warrior hits you with a mace!
* * * LOW HITPOINT WARNING * * *
The orc hits you but does no damage.
There is a stone staircase leading up, spattered with blood here.
The iguana completely misses you.
You riposte.
You hit the iguana but do no damage.
The iguana is lightly wounded.
There is an escape hatch in the ceiling here.
A mysterious force pulls you upwards. The hatch slams shut behind you.
Level annotation: loralnil's ghost, novice MiFi The ogre shouts! 5 wights come into view.
A wight is wielding a trident of freezing.
You block the wight's attack. The wight hits you but does no damage.
The wight hits you from afar with a trident of freezing.
You die...

### ...
##.##
##...##
##.z.>.##
##...z...##
#....@z...#
##..l.oz.##
#...z..##
#.#......
#.##......
. .O....Z..
. h######.#
.. . .#


You could see an ogre, an iguana, a hound (wandering), 5 wights, an orc and a
bullfrog zombie (wandering).

Vanquished Creatures
  A bullfrog (D:6)
  A scorpion (D:7)
  2 orc wizards (D:7)
  3 worker ants
  4 mummies (D:7)
  3 adders
  A worm (D:3)
  A dart slug (D:1)
  2 leopard geckos
  3 orcs (D:7)
  2 ball pythons (D:1)
  3 giant cockroaches
  2 gnoll zombies (Ossuary)
  2 hobgoblins
  8 jackals
  2 quokkas
  3 bats (D:2)
  2 frilled lizards
  8 goblins
  A goblin zombie (D:7)
  2 hobgoblin zombies (Ossuary)
  4 kobolds
  A kobold zombie (Ossuary)
  2 orc zombies (Ossuary)
  6 rats
  A rat zombie (D:7)
70 creatures vanquished.

Notes
Turn   | Place    | Note
-------+----------+-------------------------------------------
     0 | D:1      | garbagetei the Formicid Fighter began the quest for the Orb.
     0 | D:1      | Reached XP level 1. HP: 18/18 MP: 1/1
   160 | D:1      | Reached XP level 2. HP: 10/24 MP: 2/2
   173 | D:1      | Reached skill level 4 in Shields
   709 | D:1      | Reached XP level 3. HP: 29/29 MP: 3/3
  1837 | D:3      | Reached XP level 4. HP: 35/35 MP: 4/4
  2651 | D:3      | Reached XP level 5. HP: 26/42 MP: 5/5
  2953 | D:3      | Noticed Robin
  2999 | D:4      | Noticed an ogre
  3042 | D:4      | You fall through a shaft for 3 floors!
  3042 | D:7      | Found a sand-covered staircase.
  3246 | Ossuary  | Entered an ossuary
  3315 | D:7      | Reached skill level 1 in Dodging
  3575 | D:7      | Reached XP level 6. HP: 43/48 MP: 6/6
  3633 | D:7      | Reached skill level 5 in Shields
  4001 | D:7      | Found a sparkling altar of Nemelex Xobeh.
  4375 | D:7      | Learned a level 1 spell: Magic Dart
  4382 | D:7      | Noticed a hellwing
  4383 | D:7      | Noticed a hellwing
  4384 | D:7      | Noticed a wolf spider zombie
  4390 | D:8      | Noticed an orc warrior
  4392 | D:8      | Noticed a wyvern
  4474 | D:6      | Reached XP level 7. HP: 39/54 MP: 7/7
  4486 | D:6      | Noticed loralnil's ghost (novice MiFi)
  4505 | D:6      | Slain by a wight

Skill      XL: |  1  2  3  4  5  6 |
---------------+-------------------+-----
Shields        | 4 5 |  5.2
Long Blades    | 3 4 |  4.3
Armour         | 4 |  4.7
Dodging        | 1 |  1.4
Fighting       | 4 |  4.2
Stealth        | |  0.6

Action                   |  1- 3 |  4- 6 |  7- 9 || total
-------------------------+-------+-------+-------++-------
Melee: Long sword        |   108 |   166 |     8 ||   282
Throw: Javelin           |       |     1 |       ||     1
 Abil: Dig               |       |     4 |       ||     4
       Shaft Self        |       |     1 |       ||     1
  Use: Potion            |       |     3 |       ||     3
       Scroll            |       |     2 |       ||     2
  Eat: Chunk             |     2 |     6 |       ||     8
       Ration            |       |     1 |       ||     1
Armor: Scale mail        |    53 |    69 |     6 ||   128
Dodge: Dodged            |    36 |    72 |     4 ||   112
Block: Shield            |    71 |   107 |     6 ||   184
       Rpst.: Long sword |     7 |    24 |     3 ||    34
